[Event "Late-Titled-Tuesday-Blitz-July-09-2024"]
[Site "Chess.com"]
[Date "2024.07.09"]
[Round "7"]
[White "GMRafpig"]
[Black "Zq1"]
[Result "1-0"]
[WhiteElo "2777"]
[BlackElo "2589"]
[TimeControl "180+1"]
[EndTime "15:16:22 PDT"]
[Termination "GMRafpig won on time"]

1. c4 e6 2. g3 d5 3. Bg2 Nf6 4.
Nf3 Be7 5. O-O O-O 6. b3 d4 7. e3 c5 8. exd4 cxd4 9. Ne5 Ne8 10. f4 f6 11. Nd3 Nc6 12. Ba3 a5 13. Re1 Bxa3 14. Nxa3 e5 15. fxe5 fxe5 16. Nxe5 Nxe5 17. Rxe5 Qd6 18. Qe1 Bd7 19. Nb5 Bxb5 20. cxb5 Nf6 21. Bxb7 Rae8 22. Rxe8 Rxe8 23. Qf2 d3 24. Bf3 Rf8 25.
Rf1 h5 26. Kg2 g5 27. Qe3 g4 28. Bc6 Kh7 29. Rf5 Rg8 30. Re5 h4 31. Re6 Qd8 32.
Qe5 Rg6 33. Re7+ 1-0

[Event "Late-Titled-Tuesday-Blitz-July-09-2024"]
[Site "Chess.com"]
[Date "2024.07.09"]
[Round "7"]
[White "artin10862"]
[Black "djano"]
[Result "1-0"]
[WhiteElo "2932"]
[BlackElo "2595"]
[TimeControl "180+1"]
[EndTime "15:16:22 PDT"]
[Termination "artin10862 won by checkmate"]

1. e4 c5 2. c3 e6 3. Nf3 d6 4. d4 Qc7 5. dxc5 dxc5 6. Na3 a6 7. g3 Nc6 8. Bg2 Nf6 9. Qe2 Be7 10. Nc4 Nd7 11. a4 O-O 12. a5 Nde5 13. Nfxe5 Nxe5 14.
Bf4 f6 15. Bxe5 fxe5 16. Nb6 Rb8 17. Rd1 Qc6 18. Bh3 Bd8 19. Nc4 Bc7 20. O-O Bd7 21.
Rd2 Be8 22. Rfd1 Bg6 23. b3 Bxe4 24. Bxe6+ Kh8 25. Bd5 Bxd5 26. Rxd5 Rbe8 27. Rd7 e4 28. Qg4 Rg8 29. Nd6 Bxd6 30. R1xd6 Qb5 31. Rg6 e3 32.
Rgxg7 exf2+ 33. Kxf2 Rgf8+ 34. Rgf7 Rxf7+ 35. Rxf7 Rg8 36. Qe4 Qc6 37. Qxh7# 1-0

[Event "Late-Titled-Tuesday-Blitz-July-09-2024"]
[Site "Chess.com"]
[Date "2024.07.09"]
[Round "7"]
[White "ImportedItalianMaple"]
[Black "TheAlienParty"]
[Result "1-0"]
[WhiteElo "2482"]
[BlackElo "2319"]
[TimeControl "180+1"]
[EndTime "15:16:22 PDT"]
[Termination "ImportedItalianMaple won on time"]

1. d4 Nf6 2. Bg5 g6 3. Bxf6 exf6 4. e3 d5 5. c4 c6 6. Nc3 Be6 7. cxd5 cxd5 8. Nge2 Bg7 9. g3 O-O 10. Bg2 Nc6 11. O-O f5 12. Nf4 Ne7 13. Qb3 Qd7 14.
Ncxd5 Nxd5 15. Bxd5 Rfe8 16. Qxb7 Qxb7 17. Bxb7 Rab8 18.
Bc6 Rec8 19. d5 Bxb2 20. Rab1 Be5 21. Rbc1 Bxf4 22. gxf4 Rb6 23. a4 a5 24. Rb1 Rbxc6 25. dxc6 Rxc6 26. Rb8+ Kg7 27. Ra8 Bb3 28. Rxa5 Rc4 29.
Ra1 h5 30. h4 Kf6 31. Kg2 Ke6 32. Kg3 Kd6 33. Ra7 Re4 34. a5 Kc6 35. a6 Kb6 36.
Rb7+ Kc6 37. Rxb3 1-0

[Event "Late-Titled-Tuesday-Blitz-July-09-2024"]
[Site "Chess.com"]
[Date "2024.07.09"]
[Round "7"]
[White "Horokoskii"]
[Black "NovakRatko"]
[Result "1-0"]
[WhiteElo "2139"]
[BlackElo "2343"]
[TimeControl "180+1"]
[EndTime "15:16:22 PDT"]
[Termination "Horokoskii won on time"]

1. c4 c6 2. Nc3 d5 3. e3 e5 4.
cxd5 cxd5 5. d4 e4 6. Nge2 Nc6 7. Nf4 Nf6 8. Bb5 a6 9. Bxc6+ bxc6 10. O-O Bd6 11.
b3 Bg4 12. Qc2 O-O 13. Na4 Rc8 14. h3 Bf5 15. Nc5 a5 16. Ba3 a4 17. bxa4 g5 18.
Nb7 Bxa3 19. Nxd8 Rfxd8 20. Ne2 g4 21. Ng3 Be6 22. hxg4 Nxg4 23. Qb3 Bd6 24. a5 Ra8 25. Qc3 Ra6 26. Rab1 Bc7 27. Rb7 Bxa5 28. Qb2 Raa8 29.
Rb1 Bc8 30. Rb8 Be6 31. Rxd8+ Rxd8 32. Ne2 Bc7 33. Nf4 Bxf4 34. exf4 e3 35. fxe3 Nxe3 36. Qf2 Nf5 37. g4 Nd6 38. f5 Ne4 39. Qf4 Bd7 40.
Rb8 Rxb8 41. Qxb8+ Kg7 42. a4 Kf6 43. a5 1-0

[Event "Late-Titled-Tuesday-Blitz-July-09-2024"]
[Site "Chess.com"]
[Date "2024.07.09"]
[Round "7"]
[White "Martins-BR"]
[Black "Maluco_do_Natal_00"]
[Result "1-0"]
[WhiteElo "2356"]
[BlackElo "2009"]
[TimeControl "180+1"]
[EndTime "15:16:22 PDT"]
[Termination "Martins-BR won on time"]

1. e4 c5 2. Nf3 Nc6 3. Nc3 Nf6 4. Bb5 d6 5. d4 cxd4 6. Qxd4 Bd7 7. Bxc6 Bxc6 8.
Bg5 Qb6 9. Qxb6 axb6 10. Nd2 b5 11. f3 h6 12. Be3 g5 13. Nb3 g4 14. a3 gxf3 15. gxf3 Rg8 16. Kf2 Nd7 17. Rag1 Rg6 18. Rxg6 fxg6 19. Nd4 Ne5 20. Ndxb5 Kd7 21. h4 Nc4 22.
Bc1 Bg7 23. Rg1 Ne5 24. a4 Bf6 25. Bxh6 Bxh4+ 26. Ke2 Bf6 27. Bf4 Nc4 28. Bc1 Rg8 29. b3 Ne5 30. Nd5 Bxd5 31. exd5 g5 32. f4 Nf7 33.
fxg5 Nxg5 34. Bxg5 Rxg5 35. Rxg5 Bxg5 36. Nd4 Bf6 37. Ne6 Be5 38. Kd3 Ba1 39. Kc4 1-0

[Event "Late-Titled-Tuesday-Blitz-July-09-2024"]
[Site "Chess.com"]
[Date "2024.07.09"]
[Round "7"]
[White "bazar-wokzal"]
[Black "KaydenTroffChess"]
[Result "1/2-1/2"]
[WhiteElo "2649"]
[BlackElo "2869"]
[TimeControl "180+1"]
[EndTime "15:16:24 PDT"]
[Termination "Game drawn by repetition"]

1. e4 c5 2. c3 g6 3. d4 cxd4 4. cxd4 d5 5. e5 Bg7 6. Nc3 Nc6 7. Bf4 Nh6 8. Qd2 Nf5 9. Nf3 h5 10. O-O-O Qa5 11. Kb1 Bd7 12. h3 Rc8 13. Be2 h4 14. g4 hxg3 15. fxg3 Nxg3 16. Bxg3 Nb4 17. Ka1 Bf5 18. Bb5+ Kf8 19. Ba4 Bh6 20. Qf2 Bc2 21. Bxc2 Rxc3 22. Bb1 Rc6 23. e6 f6 24. Ne5 Ra6 25. a3 Qa4 26. Nxg6+ Ke8 27. Nxh8 Qb3 28. Rhg1 Be3 29. Qe2 Rxa3+ 30. bxa3 Qxa3+ 31. Ba2 Qc3+ 32. Qb2 Nc2+ 33. Kb1 Na3+ 34. Ka1 Nc2+ 35. Kb1 Na3+ 36. Ka1 Nc2+ 1/2-1/2

[Event "Late-Titled-Tuesday-Blitz-July-09-2024"]
[Site "Chess.com"]
[Date "2024.07.09"]
[Round "7"]
[White "MusicCityMaster"]
[Black "Stanbad1"]
[Result "0-1"]
[WhiteElo "2509"]
[BlackElo "2641"]
[TimeControl "180+1"]
[EndTime "15:16:27 PDT"]
[Termination "Stanbad1 won on time"]

1. e4 e6 2. d4 d5 3. e5 c5 4.
c3 Nc6 5. Nf3 Bd7 6. Bd3 cxd4 7.
O-O Rc8 8. Re1 dxc3 9. Nxc3 Bc5 10.
a3 a6 11. h4 Nge7 12. h5 h6 13. Bf4 b5 14. Rc1 Qb6 15. Bg3 O-O 16. Bb1 Rfd8 17. Ne2 Nf5 18. Bxf5 exf5 19. Qxd5 Ne7 20. Qd2 Be6 21.
Qf4 Nd5 22. Qh4 Be7 23. Qh2 b4 24. a4 a5 25. Ned4 Bc5 26. Nb5 f4 27. Bh4 Re8 28.
Nd2 Nc7 29. Qxf4 Nxb5 30. axb5 Qxb5 31. Ne4 Bf8 32. Qg3 Kh7 33. Rxc8 Rxc8 34. Qf4 a4 35.
Re3 a3 36. bxa3 b3 37. Nd2 b2 38. Qe4+ Kg8 39. Rg3 Rc1+ 40. Kh2 b1=Q 41. Nxb1 Qxb1 42. Qxb1 Rxb1 43. f4 Ra1 44. Rd3 Bxa3 45. Rd8+ Kh7 46. g4 Bxg4 47. Kg3 Be6 48. Kf3 Rh1 49. Bg3 Rxh5 50.
Ke4 Rh3 51. Bf2 g6 52. Ra8 Bb4 53. Bb6 Bf5+ 54. Kd4 Rd3+ 55. Kc4 Be7 56. Ra7 Bh4 57.
Rxf7+ Kg8 58. Ra7 Rd7 59. Bd4 Rxa7 60. Bxa7 Kf7 61. Kd5 Be6+ 62. Kd6 Ba2 63. Be3 Be7+ 64. Kd7 h5 65. Bf2 Bb3 66. Kc6 Ke6 67. Kc7 Kf5 68.
Kd7 Ba3 69. Be3 h4 70. Ke8 h3 0-1

[Event "Late-Titled-Tuesday-Blitz-July-09-2024"]
[Site "Chess.com"]
[Date "2024.07.09"]
[Round "7"]
[White "yaguigor"]
[Black "temus_galaktionov"]
[Result "0-1"]
[WhiteElo "2624"]
[BlackElo "2836"]
[TimeControl "180+1"]
[EndTime "15:16:28 PDT"]
[Termination "temus_galaktionov won on time"]

1. e4 c6 2. d4 g6 3. c4 Bg7 4.
Nc3 d6 5. f4 Nd7 6. e5 Nh6 7.
Nf3 O-O 8. Be2 dxe5 9. fxe5 c5 10. d5 Ng4 11. e6 fxe6 12. h3 Nge5 13. dxe6 Nb6 14.
Qxd8 Rxd8 15. Bg5 Bxe6 16. Bxe7 Re8 17. Bxc5 Nxf3+ 18. Bxf3 Nxc4 19. O-O-O Rac8 20. Bd4 Bh6+ 21. Kc2 Bf5+ 22. Kb3 Nd2+ 23. Ka3 Nxf3 24. gxf3 Kf7 25. h4 Bf8+ 26. Kb3 a6 27. a4 h5 28. Rhe1 Rxe1 29. Rxe1 Be7 30. Bf2 Be6+ 31. Kc2 Rc4 32. Kd3 Rb4 33. Bd4 Bxh4 34. Rg1 Rxb2 35. Ne4 Rb3+ 36. Kc2 Be7 37. Bc5 Rxf3 38. Bxe7 Kxe7 39. Ng5 Bf5+ 40. Kd2 Rd3+ 41. Ke2 Ra3 42. Re1 Kf6 43. Nh7+ Ke5 44. Kf2+ Kf4 45. Nf6 Ra2+ 46. Kg1 Rxa4 0-1

[Event "Late-Titled-Tuesday-Blitz-July-09-2024"]
[Site "Chess.com"]
[Date "2024.07.09"]
[Round "7"]
[White "GAO"]
[Black "AlexZambrano"]
[Result "1-0"]
[WhiteElo "2442"]
[BlackElo "2332"]
[TimeControl "180+1"]
[EndTime "15:16:28 PDT"]
[Termination "GAO won on time"]

1. e4 d5 2. exd5 Nf6 3. d4 Bg4 4. Nf3 Qxd5 5. Nc3 Qh5 6. h3 Nc6 7. Bb5 Bxf3 8. Qxf3 Qxf3 9. gxf3 O-O-O 10. Bxc6 bxc6 11.
Ne2 e6 12. c3 c5 13. Be3 Nd5 14. Bg5 f6 15. Bd2 Bd6 16. O-O-O Rhe8 17. Rhg1 Rd7 18.
Rg4 e5 19. Rdg1 exd4 20. Ng3 dxc3 21. bxc3 g6 22. Ne4 Be7 23. R4g2 f5 24. Ng3 Bf6 25. Kc2 c4 26. Rb1 h5 27. Re1 Rde7 28. Rxe7 Rxe7 29.
Nf1 Re2 30. Kd1 Re6 31. Rxg6 Ra6 32. Ne3 Nxe3+ 33. fxe3 Kd7 34. e4 fxe4 35. fxe4 Rb6 36. Kc2 Be5 37. Rxb6 axb6 38. Kd1 Ke6 39. Ke2 Kf6 40.
Kf3 c5 41. Be1 b5 42. Bh4+ Ke6 43. Be1 Bd6 44. Bd2 b4 45. Ke3 b3 46. axb3 cxb3 47. Bc1 c4 48. Kd4 1-0

[Event "Late-Titled-Tuesday-Blitz-July-09-2024"]
[Site "Chess.com"]
[Date "2024.07.09"]
[Round "7"]
[White "Nemsko"]
[Black "tandercat"]
[Result "1-0"]
[WhiteElo "2296"]
[BlackElo "1929"]
[TimeControl "180+1"]
[EndTime "15:16:28 PDT"]
[Termination "Nemsko won on time"]

1. e4 c5 2. Nf3 Nc6 3. d4 cxd4 4. Nxd4 e5 5. Nb5 d6 6. c4 a6 7. N5a3 f5 8. Nc3 Nf6 9. Bd3 f4 10. Bd2 Be7 11. Nd5 O-O 12. f3 Nd4 13. O-O Nxd5 14. exd5 Qb6 15. Kh1 Qxb2 16. Nc2 Nxc2 17. Bxc2 b5 18.
Bb3 bxc4 19. Bxc4 a5 20. Re1 Bf5 21. Qe2 Rfb8 22. Bd3 Bxd3 23. Qxd3 a4 24. Bc3 Qb5 25. Qe4 a3 26. Red1 Qc5 27. Rac1 Rb5 28. Qf5 Qb6 29. Qe6+ Kf8 30. Qf5+ Kg8 31. Qe6+ Kf8 32. Be1 Rb2 33. Qf5+ Kg8 34. Rc8+ Bd8 35. Qe6+ Kf8 36. Rxa8 1-0

[Event "Late-Titled-Tuesday-Blitz-July-09-2024"]
[Site "Chess.com"]
[Date "2024.07.09"]
[Round "7"]
[White "SocoLoco"]
[Black "AlexanderMatlak"]
[Result "0-1"]
[WhiteElo "2110"]
[BlackElo "2510"]
[TimeControl "180+1"]
[EndTime "15:16:31 PDT"]
[Termination "AlexanderMatlak won on time"]

1. e4 c5 2. Nc3 Nc6 3. d3 Nf6 4. g3 g6 5. Be3 d6 6. Qd2 Ng4 7. Bg5 h6 8. Bf4 g5 9. h3 gxf4 10. hxg4 fxg3 11. f3 Bg7 12. Nge2 Nd4 13. Bg2 Nxe2 14.
Nxe2 Bxb2 15. Rb1 Bg7 16. Nxg3 e6 17. Nh5 Bf8 18. f4 Rg8 19. Bf3 Be7 20. Ke2 b6 21. Ng3 Bh4 22. Rh3 Bb7 23. Rbh1 Bf6 24. Rxh6 Qe7 25. g5 Bg7 26. Rh7 O-O-O 27. Nh5 Bh8 28. Qe3 e5 29. f5 Qxg5 30. Qxg5 Rxg5 31. Kf2 d5 32. Ng3 Bg7 33. exd5 Bxd5 34. Ne4 Bxe4 35.
Ke3 Bxf3 36. Kxf3 Rxf5+ 37. Ke3 Bf6 38. R1h4 Bxh4 39. Rxh4 Rf4 0-1

[Event "Late-Titled-Tuesday-Blitz-July-09-2024"]
[Site "Chess.com"]
[Date "2024.07.09"]
[Round "7"]
[White "scrambleyourbrain"]
[Black "falzehope0"]
[Result "1-0"]
[WhiteElo "2367"]
[BlackElo "2455"]
[TimeControl "180+1"]
[EndTime "15:16:32 PDT"]
[Termination "scrambleyourbrain won by checkmate"]

1. e4 d5 2. exd5 Nf6 3. d4 Qxd5 4. Nf3 Bg4 5. Be2 Nc6 6. c3 O-O-O 7. Qb3 Qh5 8. Bf4 Nd5 9. Bg3 f6 10. h3 e5 11.
dxe5 fxe5 12. Qa4 Bxf3 13. Bxf3 Qf7 14. Nd2 Bc5 15. O-O-O Nb6 16. Qg4+ Kb8 17. Nb3 Bd6 18. Bxc6 bxc6 19. Na5 Qxa2 20. Nxc6+ Kb7 21. Nxd8+ Rxd8 22. Qe4+ c6 23. Qxh7 Na4 24. Qb1 Qg8 25. Qc2 Nc5 26.
Kb1 Nb3 27. Bxe5 Bc7 28. Bxc7 Kxc7 29. Rxd8 Kxd8 30. Rd1+ Kc7 31. Qd3 Qf7 32. Qd6+ Kb6 33. Qd8+ Ka6 34. Qc8+ Kb6 35. Qb8+ Ka6 36. Qc8+ Kb6 37.
Qd8+ Ka6 38. Qd3+ Kb6 39. f3 g5 40. Qe4 Nc5 41. Qb4+ Kc7 42. Qxc5 Qg6+ 43. Ka1 Qc2 44. Qd6+ Kb6 45. Qd4+ Kb7 46. Rd2 Qc1+ 47. Ka2 a5 48. g3 a4 49. Re2 a3 50. Re7+ Ka6 51. Qa4+ Kb6 52. Qa7+ Kb5 53. Re5+ Kc4 54. Qd4# 1-0

[Event "Late-Titled-Tuesday-Blitz-July-09-2024"]
[Site "Chess.com"]
[Date "2024.07.09"]
[Round "7"]
[White "TheMagician"]
[Black "JEHUBNER"]
[Result "0-1"]
[WhiteElo "2082"]
[BlackElo "2021"]
[TimeControl "180+1"]
[EndTime "15:16:33 PDT"]
[Termination "JEHUBNER won on time"]

1. d4 d5 2. c4 c6 3. e3 Nf6 4. Nc3 g6 5. Nf3 Bg7 6. h3 Nbd7 7. b3 Qc7 8. Bb2 e5 9. cxd5 cxd5 10.
dxe5 Nxe5 11. Nb5 Nxf3+ 12. gxf3 Qe7 13. Ba3 Qd8 14. Nd6+ Kd7 15. Bb5+ Ke6 16. Qc1 Bd7 17. Bd3 Qa5+ 18. Ke2 Rhc8 19. Nxc8 Rxc8 20. Qxc8 Bxc8 21.
Bb2 Nh5 22. Bxg7 Nxg7 23. Rhc1 Bd7 24. a4 Qb4 25. Kf1 Qxb3 26. Be2 Bc6 27. Bb5 Kd6 28.
Rab1 Qa3 29. Kg2 Nf5 30. Ra1 Qb2 31. Rcb1 Qf6 0-1

[Event "Late-Titled-Tuesday-Blitz-July-09-2024"]
[Site "Chess.com"]
[Date "2024.07.09"]
[Round "7"]
[White "fugadelafuga"]
[Black "Bilan_Danila"]
[Result "1/2-1/2"]
[WhiteElo "2454"]
[BlackElo "2596"]
[TimeControl "180+1"]
[EndTime "15:16:38 PDT"]
[Termination "Game drawn by repetition"]

1. c4 c6 2. Nf3 d5 3. b3 Nf6 4. Bb2 Bf5 5. d3 e6 6. Nbd2 Nbd7 7. g3 Bc5 8. Bg2 h6 9. O-O O-O 10. Ne5 a5 11. Nxd7 Nxd7 12. e4 dxe4 13. Nxe4 Be7 14. Qe2 Nf6 15. Rad1 a4 16. Nxf6+ Bxf6 17. Bxf6 Qxf6 18.
b4 a3 19. d4 Rfd8 20. Qe3 Rd7 21. Rd2 Kh7 22. Rfd1 Rad8 23. Be4 Bxe4 24. Qxe4+ g6 25. Kg2 Kg7 26. f4 b5 27. Qxc6 Rxd4 28. Rxd4 Rxd4 29.
Rxd4 Qxd4 30. cxb5 Qb2+ 31. Kh3 Qxa2 32. Qc3+ Kg8 33. b6 Qb2 34. Qxb2 axb2 35. b7 b1=Q 36. b8=Q+ Kh7 37. b5 Qf1+ 38. Kh4 Qe2 39. g4 Qf2+ 40. Kh3 Qf1+ 41. Kh4 Qf2+ 42. Kh3 Qf3+ 43. Kh4 Qf2+ 1/2-1/2

[Event "Late-Titled-Tuesday-Blitz-July-09-2024"]
[Site "Chess.com"]
[Date "2024.07.09"]
[Round "7"]
[White "rasmussvane"]
[Black "brm72"]
[Result "1-0"]
[WhiteElo "2920"]
[BlackElo "2657"]
[TimeControl "180+1"]
[EndTime "15:16:41 PDT"]
[Termination "rasmussvane won by resignation"]

1. Nf3 c5 2. c4 Nc6 3. Nc3 g6 4. e3 Nf6 5. d4 cxd4 6. exd4 d5 7.
cxd5 Nxd5 8. Qb3 Nxc3 9. Bc4 Nd5 10. Bxd5 e6 11. Bxc6+ bxc6 12. O-O Qd5 13. Qe3 f6 14. Bd2 Kf7 15. a3 a5 16. Bc3 Be7 17. Nd2 Bb7 18.
f3 c5 19. Ne4 cxd4 20. Bxd4 e5 21. Bc5 Qe6 22. Bxe7 Qxe7 23. Nc5 Kg7 24. Rac1 Rhd8 25. Rfd1 Rac8 26. Rxd8 Rxd8 27. b4 axb4 28. axb4 Bd5 29. h3 f5 30. Rd1 Kf6 31. Qc3 Bc6 32. Re1 Qd6 33. f4 Qd4+ 34. Qxd4 Rxd4 35. Rxe5 Bd5 36. g3 Rd2 37. b5 Bf3 38. b6 Rb2 39. Re6+ Kf7 40.
Rd6 Ke7 41. Rd7+ Kf6 42. b7 Rb5 43. Rc7 h5 44. b8=Q 1-0

[Event "Late-Titled-Tuesday-Blitz-July-09-2024"]
[Site "Chess.com"]
[Date "2024.07.09"]
[Round "7"]
[White "jbking07"]
[Black "Meri-Arabidze"]
[Result "0-1"]
[WhiteElo "2466"]
[BlackElo "2695"]
[TimeControl "180+1"]
[EndTime "15:16:41 PDT"]
[Termination "Meri-Arabidze won by checkmate"]

1. e4 c5 2. Nf3 e6 3. d4 cxd4 4. Nxd4 Nc6 5. Nc3 a6 6. a3 Qc7 7. Be3 b5 8. Be2 Bb7 9. O-O Nf6 10. Nxc6 Bxc6 11. Bf3 Bd6 12. g3 Be5 13. Qd3 O-O 14. Bg2 Bb7 15. Bd4 Rfd8 16. f4 Bxd4+ 17. Qxd4 d5 18.
e5 Nd7 19. Kh1 Qc5 20. Qd3 g6 21. Ne2 Qc4 22. Rfd1 Nc5 23. Qe3 Ne4 24. Nd4 a5 25.
Bf1 Qc5 26. c3 b4 27. cxb4 axb4 28. Rac1 Qb6 29. axb4 Qxb4 30. Bg2 Rdc8 31. b3 h5 32. Kg1 Kh7 33. Nf3 Kg7 34. Ng5 Rxc1 35. Rxc1 d4 36. Qe1 Nc3 37. Nf3 Bxf3 38. Bxf3 Ra2 39. Ra1 Qxb3 40. Rxa2 Qxa2 41. Qf2 Qb1+ 42. Kg2 Qd3 43.
Kh3 Nb1 44. Qb2 Qxf3 45. Qxd4 Qg4+ 46. Kg2 Qe2+ 47. Kh3 Nd2 48. Qd8 Qg4+ 49. Kg2 Qf3+ 50. Kh3 Qf1+ 51. Kh4 Nf3# 0-1

[Event "Late-Titled-Tuesday-Blitz-July-09-2024"]
[Site "Chess.com"]
[Date "2024.07.09"]
[Round "7"]
[White "Redzishchess"]
[Black "nitpicker"]
[Result "1-0"]
[WhiteElo "2464"]
[BlackElo "2301"]
[TimeControl "180+1"]
[EndTime "15:16:41 PDT"]
[Termination "Redzishchess won on time"]

1. d4 Nf6 2. c4 e6 3. Nf3 d5 4. g3 Bb4+ 5. Nbd2 Be7 6. Bg2 O-O 7. O-O c6 8. Qc2 b6 9. e4 Bb7 10. e5 Ne8 11. Rd1 Nd7 12. h4 h6 13. cxd5 cxd5 14.
Nf1 Rc8 15. Qe2 Nc7 16. Ne3 Ba6 17. Qe1 Nb8 18. Bd2 Bd3 19. Ng4 Bf5 20. Nfh2 Re8 21. Qe2 Nc6 22. Bxh6 gxh6 23. Nxh6+ Kg7 24. Nxf5+ exf5 25.
Qc2 Nb5 26. Qxf5 Rg8 27. a4 Nbxd4 28. Rxd4 Nxd4 29. Qg4+ Kf8 30. Qxd4 Rxg3 31. e6 f6 32. Rd1 Rg8 33. Qf4 Qd6 34. Qh6+ Ke8 35. Qh5+ Kd8 36. Rxd5 Rxg2+ 37. Kxg2 Rc5 38. Rxd6+ Bxd6 39. Qh8+ Ke7 40. Nf3 Kxe6 41. Qe8+ Kd5 42. h5 1-0

[Event "Late-Titled-Tuesday-Blitz-July-09-2024"]
[Site "Chess.com"]
[Date "2024.07.09"]
[Round "7"]
[White "rionelG"]
[Black "ernestina08chess"]
[Result "1-0"]
[WhiteElo "2413"]
[BlackElo "2289"]
[TimeControl "180+1"]
[EndTime "15:16:42 PDT"]
[Termination "rionelG won by resignation"]

1. e4 g6 2. d4 Bg7 3. c3 d6 4. h3 c6 5. Bd3 b5 6. Nf3 Nf6 7. O-O Nbd7 8. Re1 O-O 9. a4 bxa4 10. Rxa4 Bb7 11. e5 Nd5 12. e6 fxe6 13. Ng5 Rf6 14. Nxe6 Qc8 15. Bg5 Rf7 16. Ra1 N5f6 17. Bc4 d5 18.
Bd3 c5 19. Nd2 c4 20. Bc2 Nf8 21. Nxf8 Qxf8 22. Nf3 Nd7 23. Qe2 Bf6 24. Bd2 a6 25.
b3 cxb3 26. Bxb3 Kh8 27. Qe6 Rd8 28. Rab1 Bc8 29. Qe2 Nb6 30. Ne5 Bxe5 31. dxe5 e6 32. Bg5 Rdd7 33. Bf6+ Kg8 34. Bc2 Nc4 35. Rb8 Rb7 36.
Ra8 Ra7 37. Rb8 Rab7 38. Rb1 Rxb1+ 39. Bxb1 Rb7 40. Rxb7 Bxb7 41. Bd3 Qc8 42. Qg4 a5 43.
Bxg6 Qd7 44. Be8+ Kf8 45. Bxd7 1-0

[Event "Late-Titled-Tuesday-Blitz-July-09-2024"]
[Site "Chess.com"]
[Date "2024.07.09"]
[Round "7"]
[White "prxcess_brownie"]
[Black "Good_Knight_Kiss"]
[Result "0-1"]
[WhiteElo "2228"]
[BlackElo "2392"]
[TimeControl "180+1"]
[EndTime "15:16:42 PDT"]
[Termination "Good_Knight_Kiss won by checkmate"]

1. c4 Nf6 2. Nc3 g6 3. e4 d6 4. d4 Bg7 5. Nf3 O-O 6. Be2 e5 7. O-O Nc6 8. d5 Ne7 9. Ne1 Nd7 10. Be3 f5 11. f3 f4 12. Bf2 g5 13. Nd3 Nf6 14. a4 a5 15. c5 h5 16. cxd6 cxd6 17. b4 axb4 18. Nb5 Ng6 19. Rc1 Rf7 20. Nxb4 g4 21. Qc2 g3 22. hxg3 fxg3 23. Bxg3 Bh6 24. Nc7 Bxc1 25. Rxc1 Rb8 26. Bf2 Nf4 27. Ba7 Nxe2+ 28.
Qxe2 Rxc7 29. Rb1 Ra8 30. Bb6 Rc1+ 31. Rxc1 Qxb6+ 32. Qf2 Qxb4 33. Qg3+ Kf7 34. Rc7+ Bd7 35. Qh3 Qxa4 36. Qe6+ Kg6 37. Qxd6 Qd1+ 38. Kh2 Ra1 39. Qxe5 Qg1+ 40. Kg3 Qe1+ 41. Kh2 Qh4# 0-1

[Event "Late-Titled-Tuesday-Blitz-July-09-2024"]
[Site "Chess.com"]
[Date "2024.07.09"]
[Round "7"]
[White "MKlose11"]
[Black "Kirill_Klukin"]
[Result "0-1"]
[WhiteElo "2661"]
[BlackElo "2922"]
[TimeControl "180+1"]
[EndTime "15:16:43 PDT"]
[Termination "Kirill_Klukin won by resignation"]

1. e4 c5 2. Nc3 Nc6 3. g3 g6 4.
Bg2 Bg7 5. d3 e6 6. Be3 b6 7.
Qd2 h5 8. h3 Nge7 9. Nge2 Nd4 10.
O-O Nec6 11. f4 d6 12. Nc1 O-O 13. Nd1 Ne7 14. f5 exf5 15. exf5 Bxf5 16. c3 Ndc6 17. Rxf5 gxf5 18. Ne2 Rc8 19. Nf4 Ng6 20. Nxh5 Re8 21. Bg5 Qd7 22. Bf6 Bf8 23. Bd4 Re6 24. Nf6+ Rxf6 25.
Bxf6 Bg7 26. Bxg7 Kxg7 27. Ne3 Nce7 28. Rf1 Rh8 29. Qf2 d5 30. Nxf5+ Nxf5 31. Qxf5 Qxf5 32. Rxf5 Ne7 33. Re5 Kf6 34. Re2 Rd8 35. Kf2 d4 36. c4 Nf5 37. Be4 Ne3 38. Kf3 Ke5 39. g4 Rh8 40. Rh2 Nf1 41. Rh1 Nd2+ 42. Kg3 Nxe4+ 43. dxe4 Kxe4 44. Re1+ Kd3 45. Re7 Kxc4 46. Rxf7 Rd8 47.
Kf2 Kd3 48. g5 Kc2 49. g6 d3 50. g7 Rg8 51. Rd7 c4 52. h4 d2 53. h5 Rxg7 54.
Rxg7 d1=Q 55. h6 Qd2+ 56. Kf3 Qxh6 57. Rg2+ Kd3 0-1

[Event "Late-Titled-Tuesday-Blitz-July-09-2024"]
[Site "Chess.com"]
[Date "2024.07.09"]
[Round "7"]
[White "merinasian"]
[Black "hakanazeri2"]
[Result "1-0"]
[WhiteElo "2468"]
[BlackElo "2673"]
[TimeControl "180+1"]
[EndTime "15:16:43 PDT"]
[Termination "merinasian won by resignation"]

1. d4 Nf6 2. Nf3 d5 3. Bf4 c5 4. e3 Nc6 5. dxc5 e6 6. c4 Bxc5 7. Be2 d4 8. exd4 Nxd4 9. Nxd4 Qxd4 10. Qxd4 Bxd4 11. Nc3 Bxc3+ 12. bxc3 Bd7 13. Bd6 Bc6 14. O-O Ne4 15. Ba3 Nxc3 16. Bd3 O-O-O 17. Bc2 Rd2 18.
Bb3 a5 19. Rfe1 b6 20. Kf1 Rhd8 21. Bc1 R2d3 22. Bc2 R3d4 23. Be3 Rh4 24. h3 Ba4 25. Bxa4 Nxa4 26. Bg5 Rxc4 27. Bxd8 Kxd8 28. Red1+ Kc7 29. Rac1 Rxc1 30. Rxc1+ Nc5 31. Ke2 Kc6 32. Ke3 f6 33. f4 e5 34. f5 b5 35. g4 b4 36. h4 a4 37. g5 Kb5 38. h5 h6 39. gxh6 gxh6 40.
Rg1 a3 41. Kd2 b3 42. axb3 Kb4 43. Kc2 Nxb3 44. Rb1 a2 45. Rxb3+ Ka4 46. Rb8 a1=Q 47. Ra8+ 1-0

[Event "Late-Titled-Tuesday-Blitz-July-09-2024"]
[Site "Chess.com"]
[Date "2024.07.09"]
[Round "7"]
[White "OverallStranger"]
[Black "FuenfgegenWilly"]
[Result "1-0"]
[WhiteElo "2410"]
[BlackElo "2532"]
[TimeControl "180+1"]
[EndTime "15:16:43 PDT"]
[Termination "OverallStranger won on time"]

1. e4 c5 2. Nc3 a6 3. g3 b5 4. Bg2 Bb7 5. d3 e6 6. Nh3 b4 7. Ne2 Nf6 8. O-O Be7 9. f4 Qb6 10.
Kh1 Nc6 11. Be3 Rc8 12. Bg1 a5 13. a4 bxa3 14. bxa3 O-O 15. Nc1 Ba6 16. Nb3 a4 17. Nd2 Na5 18. g4 Qc7 19. g5 Ne8 20. c4 Rb8 21.
Qxa4 Rb2 22. Qd1 f6 23. Qc1 Qb8 24. Rb1 Rxb1 25. Qxb1 Qc7 26. gxf6 Nxf6 27. e5 Ng4 28. Qd1 Nh6 29. Ne4 Bb7 30. Nhg5 Nf5 31. Qh5 h6 32.
Nf3 Nb3 33. Rb1 Nbd4 34. Nxd4 Bxe4 35. Bxe4 cxd4 36. Qg6 Bxa3 37. Rb7 Qd8 38. Bxd4 Bc1 39.
Bc5 Rf7 40. Bd6 Nxd6 41. Qh7+ Kf8 42. Qh8+ Ke7 43. exd6+ Kxd6 44. Qxd8 Rxf4 45. Qxd7+ Ke5 46. Rb5+ Kf6 47. Qd8+ 1-0

[Event "Late-Titled-Tuesday-Blitz-July-09-2024"]
[Site "Chess.com"]
[Date "2024.07.09"]
[Round "7"]
[White "APOKALIPSA13"]
[Black "Nbk90"]
[Result "1/2-1/2"]
[WhiteElo "2104"]
[BlackElo "2240"]
[TimeControl "180+1"]
[EndTime "15:16:43 PDT"]
[Termination "Game drawn by repetition"]

1. e4 e6 2. Nf3 c5 3. d4 cxd4 4.
Nxd4 Nf6 5. Nc3 Nc6 6. Nxc6 bxc6 7. Bd3 d5 8. exd5 cxd5 9. O-O a6 10. Bg5 h6 11.
Bh4 Be7 12. Re1 O-O 13. a3 Nd7 14. Bxe7 Qxe7 15. Nxd5 Qd6 16. Nf6+ Kh8 17. Nxd7 Bxd7 18. Be4 Qxd1 19. Raxd1 Rad8 20. Rd6 Bb5 21. Red1 Rxd6 22. Rxd6 Rc8 23. b3 a5 24. c4 a4 25. g4 Be8 26.
bxa4 Bxa4 27. Bd3 Bb3 28. Rd7 Kg8 29. Rd4 Ra8 30. c5 Bd5 31. a4 Rc8 32. Be4 Bxe4 33. Rxe4 Rxc5 34. Kg2 Kf8 35. Kg3 g5 36. Rb4 Ke7 37.
f3 Rc1 38. h4 f6 39. hxg5 hxg5 40. Rd4 Ra1 41. Rb4 Kf7 42. Rb7+ Kg6 43. Rb4 Kf7 44. Rb7+ Kg6 45. Rb4 f5 46. gxf5+ exf5 47. Rb6+ Kh5 48. Rb4 Ra2 49. Kh3 f4 50. Rc4 Rf2 51. Rc3 Ra2 52. Rc4 Ra3 53. Kg2 Ra2+ 54. Kh3 1/2-1/2

[Event "Late-Titled-Tuesday-Blitz-July-09-2024"]
[Site "Chess.com"]
[Date "2024.07.09"]
[Round "7"]
[White "realburq"]
[Black "Snowball-03"]
[Result "1/2-1/2"]
[WhiteElo "2439"]
[BlackElo "2603"]
[TimeControl "180+1"]
[EndTime "15:16:44 PDT"]
[Termination "Game drawn by agreement"]

1. e4 c6 2. Nc3 d5 3. Nf3 dxe4 4.
Nxe4 Nf6 5. Qe2 Nxe4 6. Qxe4 Qd5 7. Qf4 Qf5 8. Qe3 Nd7 9. Bd3 Qc5 10. O-O g6 11. Re1 Bg7 12. c3 Qd6 13. Bc4 Nf6 14.
d4 b5 15. Bb3 a5 16. Qe5 Qxe5 17. Nxe5 O-O 18. Nxc6 e6 19. Ne7+ Kh8 20. Nxc8 Rfxc8 21.
a3 a4 22. Ba2 Nd7 23. Bf4 Nb6 24. Rad1 Nc4 25. Bxc4 bxc4 26. Be5 Ra6 27. Bxg7+ Kxg7 28. Rd2 Rb6 29. Ree2 Rcb8 30. Kf1 Rb5 31. Ke1 Kf6 32. Kd1 h5 33. h4 Kg7 34. Kc1 Rd8 35. Re5 Rdd5 36.
Rde2 Kf6 37. f4 Ke7 38. Rxd5 Rxd5 39. Re5 Kd6 40. Kd2 f6 41. Rxd5+ exd5 42. Ke3 f5 43. Kf3 Ke6 44. Ke3 Kf6 45. Kf2 Ke6 46. Ke2 Kf6 47.
Kd2 Ke6 48. Kc1 Kd6 49. g3 Ke7 1/2-1/2